| TOP OF THE 1ST |
|
Quad Cities River Bandits batting - Pitching for Cedar Rapids Kernels : RHP Matthew Lange
|
|
Pitching: RHP Matthew Lange
|
|
|
Batting: LHB Kelvin Jones
|
0-0: Swinging Strike 0-1: Ball 1-1: Foul Ball, location: 2F 1-2: Foul Ball, location: 2F 1-2: Ground out U3 (Groundball, 3S, EV 90.0 MPH)
|
|
Batting: LHB Dylan LaRose
|
0-0: Ball 1-0: Ball 2-0: Ball 3-0: Called Strike 3-1: Foul Ball, location: 2F 3-2: Foul Ball, location: 2F 3-2: Foul Ball, location: 2F 3-2: Foul Ball, location: 2F 3-2: Strikes out looking
|
|
Batting: LHB Doug Anderson
|
0-0: Ball 1-0: Foul Ball, location: 2F 1-1: Foul Ball, location: 2F 1-2: Fly out, F1 (Line Drive, P, EV 66.9 MPH)
|
| Top of the 1st over - 0 runs, 0 hits, 0 errors, 0 left on base; Quad Cities 0 - Cedar Rapids 0 |
| BOTTOM OF THE 1ST |
|
Cedar Rapids Kernels batting - Pitching for Quad Cities River Bandits : RHP Joe Rivin
|
|
Pitching: RHP Joe Rivin
|
|
|
Batting: LHB Jim Pankratz
|
0-0: Called Strike 0-1: Ball 1-1: Called Strike 1-2: Ball 2-2: Foul Ball, location: 2F 2-2: Ball 3-2: Strikes out swinging, 2-3 out at first.
|
|
Batting: SHB Shohei Fujii
|
0-0: Ball 1-0: Foul Ball, location: 2F 1-1: Fly out, F8 (Flyball, 8LXD, EV 92.5 MPH)
|
|
Batting: RHB J.J. Powers
|
0-0: Ball 1-0: Ball 2-0: Called Strike 2-1: Foul Ball, location: 2F 2-2: Foul Ball, location: 2F 2-2: Ball 3-2: Fly out, F9 (Line Drive, 9D, EV 99.4 MPH)
|
| Bottom of the 1st over - 0 runs, 0 hits, 0 errors, 0 left on base; Quad Cities 0 - Cedar Rapids 0 |
| TOP OF THE 2ND |
|
Quad Cities River Bandits batting - Pitching for Cedar Rapids Kernels : RHP Matthew Lange
|
|
Batting: RHB Pete Isley
|
0-0: Ball 1-0: Called Strike 1-1: SINGLE (Flyball, 7LM, EV 96.2 MPH)
|
|
Batting: RHB Raul Sanchez
|
0-0: Ball 1-0: Fly out, F9 (Flyball, 9LM, EV 89.4 MPH)
|
|
Batting: SHB Paskar Adegoke
|
0-0: Called Strike 0-1: Ball 1-1: Called Strike 1-2: Strikes out swinging
|
|
Batting: RHB Jamie Jennings
|
0-0: Called Strike 0-1: Foul Ball, location: 2F 0-2: Ground out U3 (Groundball, 34S, EV 68.1 MPH)
|
| Top of the 2nd over - 0 runs, 1 hit, 0 errors, 1 left on base; Quad Cities 0 - Cedar Rapids 0 |
| BOTTOM OF THE 2ND |
|
Cedar Rapids Kernels batting - Pitching for Quad Cities River Bandits : RHP Joe Rivin
|
|
Batting: RHB Matt Dunn
|
0-0: Ball 1-0: Foul Ball, location: 2F 1-1: Swinging Strike 1-2: Ball 2-2: TRIPLE (Groundball, 3L, EV 95.0 MPH)
|
|
Batting: LHB Israel Montoya
|
0-0: Foul Ball, location: 2F 0-1: Swinging Strike 0-2: Ball 1-2: Ball 2-2: Strikes out swinging
|
|
Batting: RHB Mike Craver
|
0-0: Ball 1-0: Called Strike 1-1: Called Strike 1-2: DOUBLE (Line Drive, 78D, EV 107.5 MPH) Matt Dunn scores
|
|
Batting: LHB Mike Handrahan
|
0-0: Ball Mike Craver steals 3rd base 1-0: Swinging Strike 1-1: Fly out, F7 (Flyball, 7S, EV 94.4 MPH)
|
|
Batting: SHB Duri Chilemba
|
0-0: Ball 1-0: Foul Ball, location: 2F 1-1: Ball 2-1: Foul Ball, location: 2F 2-2: Ball 3-2: Ground out 4-3 (Groundball, 4M, EV 85.0 MPH)
|
| Bottom of the 2nd over - 1 run, 2 hits, 0 errors, 1 left on base; Quad Cities 0 - Cedar Rapids 1 |
| TOP OF THE 3RD |
|
Quad Cities River Bandits batting - Pitching for Cedar Rapids Kernels : RHP Matthew Lange
|
|
Batting: RHB Joe Cook
|
0-0: Foul Ball, location: 2F 0-1: Ball 1-1: Swinging Strike 1-2: Ball 2-2: Foul Ball, location: 2F 2-2: Ball 3-2: Base on Balls
|
|
Batting: RHB Steve Moore
|
0-0: Ball Joe Cook steals 2nd base 1-0: Ball 2-0: Ball 3-0: Called Strike 3-1: Ground out 6-3 (Groundball, 6, EV 97.5 MPH)
|
|
Batting: LHB Kelvin Jones
|
0-0: Called Strike 0-1: Swinging Strike 0-2: Strikes out swinging
|
|
Batting: LHB Dylan LaRose
|
0-0: Ball 1-0: Ball 2-0: Called Strike 2-1: Called Strike 2-2: Ball 3-2: Fly out, F4 (Popup, 4, EV 72.5 MPH)
|
| Top of the 3rd over - 0 runs, 0 hits, 0 errors, 1 left on base; Quad Cities 0 - Cedar Rapids 1 |
| BOTTOM OF THE 3RD |
|
Cedar Rapids Kernels batting - Pitching for Quad Cities River Bandits : RHP Joe Rivin
|
|
Batting: RHB Orlando Blanco
|
0-0: Ball 1-0: Called Strike 1-1: Called Strike 1-2: Strikes out looking
|
|
Batting: LHB Jim Pankratz
|
0-0: Swinging Strike 0-1: Called Strike 0-2: Ball 1-2: Foul Ball, location: 2F 1-2: Ball 2-2: Foul Ball, location: 2F 2-2: Ground out 6-3 (Groundball, 56, EV 105.0 MPH)
|
|
Batting: SHB Shohei Fujii
|
0-0: SINGLE (Line Drive, 78S, EV 93.1 MPH)
|
|
Batting: RHB J.J. Powers
|
0-0: Ball Shohei Fujii is caught stealing 2nd base 2-4
|
| Bottom of the 3rd over - 0 runs, 1 hit, 0 errors, 0 left on base; Quad Cities 0 - Cedar Rapids 1 |
| TOP OF THE 4TH |
|
Quad Cities River Bandits batting - Pitching for Cedar Rapids Kernels : RHP Matthew Lange
|
|
Batting: LHB Doug Anderson
|
0-0: Foul Ball, location: 2F 0-1: Foul Ball, location: 2F 0-2: Ball 1-2: Ball 2-2: Fly out, F9 (Line Drive, 9D, EV 90.6 MPH)
|
|
Batting: RHB Pete Isley
|
0-0: Called Strike 0-1: Ball 1-1: Ball 2-1: Ball 3-1: Hit by Pitch
|
|
Batting: RHB Raul Sanchez
|
0-0: Foul Ball, location: 2F 0-1: Swinging Strike 0-2: Strikes out swinging
|
|
Batting: SHB Paskar Adegoke
|
0-0: Ball 1-0: Foul Ball, location: 2F 1-1: Swinging Strike 1-2: Fielders Choice at 2nd, 6-4 (Groundball, 6, EV 85.6 MPH)
|
| Top of the 4th over - 0 runs, 0 hits, 0 errors, 1 left on base; Quad Cities 0 - Cedar Rapids 1 |
| BOTTOM OF THE 4TH |
|
Cedar Rapids Kernels batting - Pitching for Quad Cities River Bandits : RHP Joe Rivin
|
|
Batting: RHB J.J. Powers
|
0-0: Called Strike 0-1: Foul Ball, location: 2F 0-2: Strikes out swinging
|
|
Batting: RHB Matt Dunn
|
0-0: Called Strike 0-1: Ball 1-1: Foul Ball, location: 2F 1-2: Foul Ball, location: 2F 1-2: Foul Ball, location: 2F 1-2: Strikes out swinging
|
|
Batting: LHB Israel Montoya
|
0-0: Called Strike 0-1: Ball 1-1: Swinging Strike 1-2: SOLO HOME RUN (Flyball, 9LD, EV 93.1 MPH), Distance : 356 ft
|
|
Batting: RHB Mike Craver
|
0-0: Foul Ball, location: 2F 0-1: Foul Ball, location: 2F 0-2: Reached on error, E4 (Groundball, 4, EV 80.0 MPH)
|
|
Batting: LHB Mike Handrahan
|
0-0: Called Strike 0-1: Ball 1-1: Foul Ball, location: 2F 1-2: Foul Ball, location: 2F 1-2: Ball 2-2: Ball 3-2: Foul Ball, location: 2F 3-2: Foul Ball, location: 2F 3-2: Ground out U3 (Groundball, 3, EV 105.6 MPH)
|
| Bottom of the 4th over - 1 run, 1 hit, 1 error, 1 left on base; Quad Cities 0 - Cedar Rapids 2 |
| TOP OF THE 5TH |
|
Quad Cities River Bandits batting - Pitching for Cedar Rapids Kernels : RHP Matthew Lange
|
|
Batting: RHB Jamie Jennings
|
0-0: Called Strike 0-1: Ball 1-1: SINGLE (Groundball, 34D, EV 101.9 MPH)
|
|
Batting: RHB Joe Cook
|
0-0: Fly out, F7 (Flyball, 78S, EV 85.0 MPH)
|
|
Batting: RHB Steve Moore
|
0-0: Grounds into double play, 6-4-3 (Groundball, 6, EV 110.0 MPH)
|
| Top of the 5th over - 0 runs, 1 hit, 0 errors, 0 left on base; Quad Cities 0 - Cedar Rapids 2 |
| BOTTOM OF THE 5TH |
|
Cedar Rapids Kernels batting - Pitching for Quad Cities River Bandits : RHP Joe Rivin
|
|
Batting: SHB Duri Chilemba
|
0-0: Ball 1-0: Ball 2-0: Called Strike 2-1: Ball 3-1: Base on Balls
|
|
Batting: RHB Orlando Blanco
|
0-0: Called Strike 0-1: Ball 1-1: Ball 2-1: SINGLE (Groundball, 56D, EV 101.2 MPH) (infield hit) Duri Chilemba to second
|
|
Pitching: RHP Ray Leuthauser
|
|
|
Batting: LHB Jim Pankratz
|
0-0: Foul Ball, location: 2F 0-1: Called Strike 0-2: Ball 1-2: Strikes out swinging
|
|
Batting: SHB Shohei Fujii
|
0-0: Foul Ball, location: 2F 0-1: Ball 1-1: Ball 2-1: SINGLE (Line Drive, 4MD, EV 98.8 MPH) Duri Chilemba to third Orlando Blanco to second
|
|
Batting: RHB J.J. Powers
|
0-0: Ball 1-0: Called Strike 1-1: Ball 2-1: Called Strike 2-2: Foul Ball, location: 2F 2-2: Ball 3-2: Base on Balls Duri Chilemba scores Orlando Blanco to third Shohei Fujii to second
|
|
Batting: RHB Matt Dunn
|
0-0: Ball 1-0: Ball 2-0: Swinging Strike 2-1: Ball 3-1: Base on Balls Orlando Blanco scores Shohei Fujii to third J.J. Powers to second
|
|
Pitching: RHP Justin Coney
|
|
|
Batting: LHB Israel Montoya
|
0-0: Foul Ball, location: 2F 0-1: Swinging Strike 0-2: Ball 1-2: Grounds into fielders choice 5-2 (Groundball, 56, EV 105.0 MPH) J.J. Powers to third Matt Dunn to second
|
|
Batting: RHB Mike Craver
|
0-0: Ball 1-0: Called Strike 1-1: Swinging Strike 1-2: Ball 2-2: GRAND SLAM HOME RUN (Flyball, 9LD, EV 90.6 MPH), Distance : 340 ft
|
|
Batting: LHB Mike Handrahan
|
0-0: Called Strike 0-1: Ball 1-1: Called Strike 1-2: Ball 2-2: Foul Ball, location: 2F 2-2: Foul Ball, location: 2F 2-2: Foul Ball, location: 2F 2-2: Ball 3-2: Base on Balls
|
|
Pitching: RHP Tim Watson
|
|
|
Batting: SHB Duri Chilemba
|
0-0: Ball 1-0: Ball 2-0: Called Strike 2-1: Called Strike 2-2: Strikes out swinging
|
| Bottom of the 5th over - 6 runs, 3 hits, 0 errors, 1 left on base; Quad Cities 0 - Cedar Rapids 8 |
| TOP OF THE 6TH |
|
Quad Cities River Bandits batting - Pitching for Cedar Rapids Kernels : RHP Matthew Lange
|
|
Batting: LHB Kelvin Jones
|
0-0: Ball 1-0: Ball 2-0: Ball 3-0: Called Strike 3-1: Called Strike 3-2: Foul Ball, location: 2F 3-2: Ground out U3 (Groundball, 34, EV 85.6 MPH)
|
|
Batting: LHB Dylan LaRose
|
0-0: Foul Ball, location: 2F 0-1: Swinging Strike 0-2: Ball 1-2: Strikes out swinging
|
|
Batting: LHB Doug Anderson
|
0-0: Foul Ball, location: 2F 0-1: Called Strike 0-2: Ball 1-2: Ball 2-2: Ball 3-2: Foul Ball, location: 2F 3-2: Fly out, F7 (Flyball, 7, EV 85.0 MPH)
|
| Top of the 6th over - 0 runs, 0 hits, 0 errors, 0 left on base; Quad Cities 0 - Cedar Rapids 8 |
| BOTTOM OF THE 6TH |
|
Cedar Rapids Kernels batting - Pitching for Quad Cities River Bandits : RHP Tim Watson
|
|
Batting: RHB Orlando Blanco
|
0-0: Ball 1-0: Swinging Strike 1-1: SINGLE (Groundball, 5L, EV 96.9 MPH)
|
|
Batting: LHB Jim Pankratz
|
0-0: Fly out, F8 (Flyball, 78XD, EV 87.5 MPH)
|
|
Batting: SHB Shohei Fujii
|
0-0: Called Strike 0-1: Ball Orlando Blanco steals 2nd base 1-1: 2-RUN HOME RUN (Flyball, 9D, EV 103.8 MPH), Distance : 387 ft
|
|
Batting: RHB J.J. Powers
|
0-0: Ball 1-0: Called Strike 1-1: Ball 2-1: Ball 3-1: Called Strike 3-2: Ground out 1-3 (Groundball, 15, EV 67.5 MPH)
|
|
Pitching: RHP Manny Bonilla
|
|
|
Batting: RHB Matt Dunn
|
0-0: Ground out 6-3 (Groundball, 6M, EV 96.9 MPH)
|
| Bottom of the 6th over - 2 runs, 2 hits, 0 errors, 0 left on base; Quad Cities 0 - Cedar Rapids 10 |
| TOP OF THE 7TH |
|
Quad Cities River Bandits batting - Pitching for Cedar Rapids Kernels : RHP Matthew Lange
|
|
Batting: RHB Pete Isley
|
0-0: Ball 1-0: Called Strike 1-1: Ground out 5-3 (Groundball, 15, EV 85.6 MPH)
|
|
Batting: RHB Raul Sanchez
|
0-0: Reached on error, E8 (Flyball, 78M, EV 88.8 MPH)
|
|
Batting: SHB Paskar Adegoke
|
0-0: Ball 1-0: Ball 2-0: Ball 3-0: Called Strike 3-1: Base on Balls Raul Sanchez to second
|
|
Batting: RHB Jamie Jennings
|
0-0: Ball 1-0: Swinging Strike 1-1: Ball 2-1: Foul Ball, location: 2F 2-2: Strikes out swinging
|
|
Batting: RHB Joe Cook
|
0-0: Ball 1-0: Ball 2-0: Ball 3-0: Base on Balls Raul Sanchez to third Paskar Adegoke to second
|
|
Batting: RHB Steve Moore
|
0-0: Ball 1-0: Ball 2-0: Ball 3-0: Called Strike 3-1: Foul Ball, location: 2F 3-2: Strikes out looking
|
| Top of the 7th over - 0 runs, 0 hits, 1 error, 3 left on base; Quad Cities 0 - Cedar Rapids 10 |
| BOTTOM OF THE 7TH |
|
Cedar Rapids Kernels batting - Pitching for Quad Cities River Bandits : RHP Manny Bonilla
|
|
Pinch Hitting: RHB Jon Avila
|
0-0: Ball 1-0: Ball 2-0: Swinging Strike 2-1: Called Strike 2-2: Strikes out looking
|
|
Pinch Hitting: LHB Robby Bryant
|
0-0: Called Strike 0-1: Called Strike 0-2: Foul Ball, location: 2F 0-2: Fly out, F9 (Flyball, 9D, EV 101.9 MPH)
|
|
Batting: LHB Mike Handrahan
|
0-0: Ball 1-0: Ball 2-0: Ball 3-0: Called Strike 3-1: Foul Ball, location: 2F 3-2: Base on Balls
|
|
Batting: SHB Duri Chilemba
|
0-0: Foul Ball, location: 2F 0-1: Ball 1-1: Foul Ball, location: 2F 1-2: Ball 2-2: Strikes out looking
|
| Bottom of the 7th over - 0 runs, 0 hits, 0 errors, 1 left on base; Quad Cities 0 - Cedar Rapids 10 |
| TOP OF THE 8TH |
|
Quad Cities River Bandits batting - Pitching for Cedar Rapids Kernels : RHP Matthew Lange
|
|
Now in LF: Shohei Fujii
|
|
|
Now in CF: Jon Avila
|
|
|
Now in RF: Kevin Cooper
|
|
|
Batting: LHB Kelvin Jones
|
0-0: Called Strike 0-1: Called Strike 0-2: Ball 1-2: DOUBLE (Flyball, 89XD, EV 115.0 MPH)
|
|
Pitching: RHP Edwin Sanchez
|
|
|
Batting: LHB Dylan LaRose
|
0-0: Called Strike 0-1: Ball 1-1: Ball 2-1: Ball 3-1: Base on Balls
|
|
Batting: LHB Doug Anderson
|
0-0: Fielders Choice at 2nd, 3-6 (Groundball, 34S, EV 90.6 MPH) Kelvin Jones to third
|
|
Batting: RHB Pete Isley
|
0-0: Called Strike 0-1: Fly out, F9 (Line Drive, 9, EV 95.6 MPH)
|
|
Batting: RHB Raul Sanchez
|
0-0: Ball 1-0: Ball 2-0: Called Strike 2-1: Swinging Strike 2-2: Strikes out looking
|
| Top of the 8th over - 0 runs, 1 hit, 0 errors, 2 left on base; Quad Cities 0 - Cedar Rapids 10 |
| BOTTOM OF THE 8TH |
|
Cedar Rapids Kernels batting - Pitching for Quad Cities River Bandits : RHP Manny Bonilla
|
|
Batting: RHB Orlando Blanco
|
0-0: Swinging Strike 0-1: Ground out 6-3 (Groundball, 6, EV 76.9 MPH)
|
|
Pinch Hitting: RHB Danny Barajas
|
0-0: Called Strike 0-1: Foul Ball, location: 2F 0-2: Ground out 4-3 (Groundball, 4, EV 90.6 MPH)
|
|
Batting: SHB Shohei Fujii
|
0-0: Ball 1-0: Called Strike 1-1: Called Strike 1-2: Strikes out swinging
|
| Bottom of the 8th over - 0 runs, 0 hits, 0 errors, 0 left on base; Quad Cities 0 - Cedar Rapids 10 |
| TOP OF THE 9TH |
|
Quad Cities River Bandits batting - Pitching for Cedar Rapids Kernels : RHP Edwin Sanchez
|
|
Now at 1B: Danny Barajas
|
|
|
Batting: SHB Paskar Adegoke
|
0-0: Fly out, F9 (Flyball, 9D, EV 83.8 MPH)
|
|
Batting: RHB Jamie Jennings
|
0-0: SINGLE (Line Drive, 4D, EV 94.4 MPH)
|
|
Batting: RHB Joe Cook
|
0-0: Ball 1-0: Foul Ball, location: 2F 1-1: Ball 2-1: Ball 3-1: Called Strike 3-2: Foul Ball, location: 2F 3-2: Base on Balls Jamie Jennings to second
|
|
Batting: RHB Steve Moore
|
0-0: Ball 1-0: Fielders Choice at 2nd, 6-4 (Groundball, 6, EV 87.5 MPH) Jamie Jennings to third
|
|
Batting: LHB Kelvin Jones
|
0-0: Called Strike 0-1: Foul Ball, location: 2F 0-2: Strikes out swinging
|
| Top of the 9th over - 0 runs, 1 hit, 0 errors, 2 left on base; Quad Cities 0 - Cedar Rapids 10 |
|